Map: 2000 Atmospheres LE

Players

LostViking - Winner!

  • Race: Zerg Zerg
  • Spawn Location: 7:00

VOD

Have the link to the VOD?

Description

Time

  • Played on: June 29, 2022, 2:26 a.m.
  • Length: 14:40
Show
View Real Time Build Order
Export as new Build Order

LostViking Zerg - Winner!

Build Orders:  

Get SALT Encoding   

  12  0:02  Drone  
  13  0:26  Overlord  
  13  0:28  Drone  
  14  0:51  Drone x2  
  16  1:14  Hatchery  
  15  1:24  Drone  
  15  1:26  Drone  
  17  1:30  Drone  
  18  1:45  Drone  
  19  2:26  Overlord  
  19  2:27  Drone  
  19  2:28  Drone  
  21  2:46  Drone  
  22  2:56  Drone  
  23  3:01  Drone  
  24  3:10  Overlord  
  24  3:28  Drone x3  
  25  4:01  Drone  
  25  4:02  Drone x3  
  29  4:15  Overlord x2  
  29  4:51  Overlord  
  29  4:52  Overlord x3  
  29  4:53  Hatchery  
  29  4:55  Hatchery  
  26  5:32  Hatchery  
  26  5:39  Drone x6  
  30  5:56  Drone x2  
  29  6:47  Drone x4  
  33  6:53  Drone x6  
  39  7:03  Overlord  
  39  7:04  Overlord  
  39  7:08  Drone x2  
  41  7:30  Drone x6  
  41  7:37  Hatchery  
  46  7:47  Drone x2  
  46  7:48  Drone x3  
  51  7:54  Drone  
  51  7:55  Drone x3  
  51  7:58  Drone  
  56  8:02  Drone  
  56  8:04  Drone  
  56  8:07  Drone x2  
  60  8:14  Drone  
  60  8:19  Drone x3  
  52  8:30  Drone x2  
  65  9:00  Hatchery  
  64  9:11  Drone  
  64  9:12  Drone x13  
  64  9:19  Drone  
  79  9:36  Drone x5  
  81  10:13  Drone  
  81  10:14  Drone x14  
  95  10:53  Drone x10  
  105  11:54  Drone x10  
  105  11:55  Drone x7  
  122  12:34  Hatchery  
  121  13:02  Hatchery  
  120  13:14  Hatchery  
  119  13:38  Hatchery  
  118  13:47  Hatchery  
  117  13:54  Drone x13  
  117  13:55  Drone x5  
  135  14:32  Hatchery  
Tags
 
Add a new tag
Caveats
  • Supply blocks, unpowered buildings, or Contaminate may cause inaccurate times.
  • Supply counts are checked every 10 seconds.